Map: Ice and Chrome LE

Players

maomao - Winner!

  • Race: Zerg Zerg
  • League: Gold
  • Spawn Location: 1:00

A.I. 1 (Harder)

  • Race: Terran Terran
  • Spawn Location: 7:00

VOD

Have the link to the VOD?

Description

Time

  • Played on: June 12, 2020, 3:15 p.m.
  • Length: 10:15
Show
View Real Time Build Order
Export as new Build Order

maomao Zerg - Winner!

Build Orders: Hatch First, Roach Hydra 

Get SALT Encoding   

  12  0:01  Drone  
  13  0:12  Overlord  
  13  0:16  Drone  
  14  0:32  Drone x2  
  16  0:50  Hatchery  
  16  0:55  Drone  
  16  0:57  Drone  
  16  1:01  Drone  
  18  1:12  Extractor  
  17  1:18  Spawning Pool  
  17  1:20  Drone  
  17  1:23  Drone  
  18  1:29  Drone  
  19  1:39  Drone  
  20  1:51  Overlord  
  20  2:05  Queen x2  
  20  2:06  Zergling x4  
  26  2:12  Drone  
  26  2:13  Drone  
  28  2:24  Metabolic Boost  
  28  2:26  Drone x2  
  30  2:36  Overlord  
  30  2:37  Drone  
  31  2:47  Queen  
  31  2:48  Queen  
  35  2:53  Overlord  
  35  2:59  Drone  
  35  3:00  Drone x2  
  38  3:10  Drone x2  
  40  3:23  Drone x4  
  40  3:24  Drone x2  
  46  3:32  Extractor  
  46  3:34  Extractor  
  44  3:37  Evolution Chamber  
  44  3:38  Roach Warren  
  44  3:39  Lair  
  42  3:43  Drone  
  42  3:44  Drone  
  44  3:49  Drone  
  44  3:50  Drone  
  44  3:51  Drone  
  44  3:52  Drone  
  48  3:55  Overlord  
  48  3:58  Overlord  
  48  4:06  Drone x4  
  52  4:15  Zerg Missile Weapons Level 1  
  52  4:21  Drone x2  
  52  4:23  Roach x3  
  60  4:25  Roach  
  60  4:27  Roach  
  60  4:30  Roach  
  66  4:37  Glial Reconstitution  
  66  4:48  Hydralisk Den  
  65  5:03  Overlord x2  
  65  5:06  Drone x3  
  68  5:11  Extractor  
  66  5:25  Roach, Hydralisk x6  
  80  5:38  Grooved Spines  
  80  5:40  Hatchery  
  79  6:11  Zerg Missile Weapons Level 2  
  79  6:13  Overlord  
  79  6:14  Overlord x2, Hydralisk  
  79  6:15  Hydralisk  
  83  6:21  Drone  
  83  6:23  Overlord x2  
  84  6:43  Drone x5  
  84  6:44  Drone x7  
  96  7:05  Extractor  
  96  7:06  Muscular Augments, Hydralisk x3  
  96  7:07  Hydralisk x3  
  107  7:10  Extractor  
  106  7:34  Overlord x3  
  106  7:35  Hydralisk x7  
  106  7:36  Hydralisk  
  122  7:50  Roach x4  
  130  7:52  Overlord x4  
  130  7:53  Overlord  
  130  8:12  Roach x3  
  136  8:13  Roach  
  138  8:31  Roach x12  
  141  8:58  Hydralisk x2  
  141  8:59  Hydralisk x5  
  141  9:00  Hydralisk x5  
  165  9:19  Roach x3, Hydralisk x7  
  165  9:20  Hydralisk  
  185  9:48  Overlord x2  
  185  9:49  Hydralisk x4  
Show
View Real Time Build Order
Export as new Build Order

A.I. 1 (Harder) Terran 

Build Orders:  

Get SALT Encoding   

  12  0:00  SCV  
  13  0:13  SCV  
  14  0:18  Supply Depot  
  14  0:25  SCV  
  15  0:40  SCV  
  16  0:43  Barracks  
  16  0:49  Refinery  
  16  0:52  SCV  
  18  1:04  SCV  
  18  1:16  SCV  
  19  1:19  Supply Depot  
  19  1:29  SCV  
  19  1:31  Marine  
  21  1:40  Barracks  
  21  1:42  Orbital Command  
  21  1:48  Refinery  
  21  1:50  Barracks Tech Lab  
  21  2:06  Supply Depot  
  21  2:07  Marine  
  22  2:26  Marauder  
  22  2:27  Marine  
  25  2:38  Supply Depot  
  25  2:45  Marine  
  25  2:47  Marauder  
  29  2:58  SCV  
  29  3:02  Marine  
  30  3:08  Marine  
  30  3:10  SCV, Engineering Bay  
  32  3:20  Marine  
  32  3:22  SCV  
  32  3:25  Supply Depot  
  32  3:26  Marauder  
  36  3:34  SCV  
  37  3:47  SCV  
  37  3:48  Marauder  
  40  3:59  SCV  
  41  4:09  Marauder  
  43  4:18  SCV  
  43  4:31  Marauder  
  45  4:36  Barracks Tech Lab  
  45  4:37  Stimpack  
  45  4:39  Factory  
  45  4:41  Factory  
  45  4:51  Marine  
  46  4:54  Supply Depot  
  46  4:56  Combat Shield  
  46  5:17  Marine  
  45  5:23  Terran Infantry Weapons Level 1  
  45  5:24  Factory Tech Lab x2, Marine  
  45  5:26  Starport  
  46  5:30  Starport  
  46  5:40  Command Center  
  46  5:46  Siege Tank  
  49  6:02  Missile Turret  
  49  6:06  Starport Tech Lab x2  
  49  6:07  Siege Tank  
  49  6:09  Missile Turret  
  52  6:15  Concussive Shells  
  52  6:30  Bunker, Siege Tank  
  55  6:39  Barracks  
  55  6:50  Cyclone  
  55  6:51  Supply Depot  
  55  6:53  SCV  
  55  6:54  SCV  
  60  6:55  Refinery  
  60  7:01  Missile Turret  
  60  7:03  Missile Turret  
  60  7:05  SCV, Refinery  
  60  7:06  SCV  
  62  7:17  SCV  
  62  7:18  SCV, Terran Infantry Armor Level 1  
  64  7:25  Raven  
  64  7:29  SCV, Bunker  
  67  7:30  SCV  
  68  7:41  SCV  
  68  7:43  SCV  
  70  7:46  Raven  
  72  7:54  SCV  
  72  7:55  SCV  
  74  7:59  Sensor Tower  
  74  8:06  SCV  
  74  8:07  SCV  
  74  8:08  Armory  
  74  8:11  Supply Depot, Barracks Reactor  
  76  8:18  SCV  
  76  8:19  SCV  
  78  8:30  SCV  
  78  8:31  SCV  
  80  8:34  Marine  
  80  8:37  Marine  
  71  8:41  Medivac, Factory  
  71  8:42  SCV  
  71  8:46  Marine  
  55  8:49  Marine  
  55  8:52  Starport, Marine  
  54  8:58  Command Center  
  54  9:03  Marauder  
  54  9:06  Marine  
  54  9:07  Marine  
  57  9:10  Marine  
  51  9:19  Viking  
  46  9:24  Marine  
  46  9:25  Factory Tech Lab, Marine  
  16  9:51  Starport Reactor  
  5  10:00  SCV  
Tags
 
Composition
Roach Hydra
League
Gold
Matchup
TvZ
Spawn Locations
Cross Positions
Add a new tag
Caveats
  • Supply blocks, unpowered buildings, or Contaminate may cause inaccurate times.
  • Supply counts are checked every 10 seconds.